 Dungeon Crawl Stone Soup version 0.16.1 (webtiles) character file.

389 Palladion the Gusty (level 6, 0/32 HPs)
             Began as a Tengu Air Elementalist on Mar 24, 2015.
             Was an Initiate of Vehumet.
             Succumbed to a scorpion's poison
             ... on level 4 of the Dungeon.
             The game lasted 00:12:31 (4316 turns).

Palladion the Gusty (Tengu Air Elementalist)        Turns: 4316, Time: 00:12:31

Health: 0/32       AC:  2    Str: 13    XL:     6   Next: 79%
Magic:  7/17       EV: 12    Int: 23    God:    Vehumet [......]
Gold:   177        SH:  0    Dex: 14    Spells: 5 memorised, 0 levels left

rFire  . . .     SeeInvis .     k - +1 flail (holy)
rCold  . . .     Clarity  .     a - +0 robe
rNeg   . . .     SustAb   .     (no shield)
rPois  .         Gourm    .     (helmet restricted)
rElec  .         Spirit   .     (no cloak)
rCorr  .         Warding  .     (no gloves)
rMut   +         Stasis   .     (boots unavailable)
MR     .....                    g - amulet of resist mutation
Stlth  ++........               (no ring)
                                (no ring)

@: mighty, brilliant, lethally poisoned (0 -> -12), repel missiles, invisible,
not resistant to hostile enchantments, unstealthy
A: able to fly, beak, talons 3
a: Fly, Renounce Religion


You were on level 4 of the Dungeon.
You worshipped Vehumet.
Vehumet was noncommittal.
You were near starving.

You visited 2 branches of the dungeon, and saw 5 of its levels.

You collected 177 gold pieces.

Inventory:

Hand weapons
 k - a +1 flail of holy wrath (weapon)
 u - a +0 dagger of freezing
Armour
 a - a +0 robe (worn)
Jewellery
 g - an amulet of resist mutation (around neck)
 m - an uncursed ring of stealth {unknown}
Scrolls
 e - a scroll of blinking {unknown}
 j - 3 scrolls of identify {unknown}
 l - a scroll of enchant armour {unknown}
 n - 2 scrolls of amnesia {unknown}
 o - a scroll of immolation {unknown}
 p - 4 scrolls of remove curse {unknown}
 q - a scroll of magic mapping {unknown}
 r - a scroll of recharging {unknown}
 s - a scroll of teleportation {unknown}
 t - a scroll of random uselessness {unknown}
 w - a scroll of fear {unknown}
Potions
 h - a potion of might
 v - a potion of brilliance
Books
 b - a book of Air

   Spells                             Type                      Level
   a - Shock                          Conjuration/Air              1
   b - Swiftness                      Charms/Air                   2
   c - Repel Missiles                 Charms/Air                   2
   d - Flight                         Charms/Air                   3
   e - Static Discharge               Conjuration/Air              3
   f - Lightning Bolt                 Conjuration/Air              5
Comestibles
 c - 2 bread rations
 d - a meat ration
 i - 2 beef jerkies


   Skills:
 - Level 2.1 Dodging
 - Level 2.0 Stealth
 + Level 4.4 Spellcasting
 + Level 4.5 Conjurations
 + Level 6.3 Air Magic


You couldn't memorise any spells.
You knew the following spells:

 Your Spells              Type           Power        Failure   Level  Hunger
a - Shock                 Conj/Air       ####         1%          1    None
b - Static Discharge      Conj/Air       #####...     1%          3    ##.....
c - Lightning Bolt        Conj/Air       #####.....   3%          5    #####..
d - Swiftness             Chrm/Air       ####....     1%          2    None
e - Repel Missiles        Chrm/Air       ####..       1%          2    None


Dungeon Overview and Level Annotations

Branches:
Dungeon (4/15)             Temple (1/1) D:4

Altars:
Ashenzari
Cheibriados
Dithmenos
Gozag
Kikubaaqudgha
Makhleb
Nemelex Xobeh
Okawaru
Qazlal
Ru
Sif Muna
Vehumet
Xom
Yredelemnul
Zin

Annotations:
D:2 Terence
D:4 gw's ghost, average DDNe


Innate Abilities, Weirdness & Mutations

You can fly.
You have a beak for a mouth.
You have claws for feet.


Message History

* * * LOW HITPOINT WARNING * * *
Drink which item? (? for menu, Esc to quit)
It was a potion of might.
You feel very mighty all of a sudden.
* * * LOW HITPOINT WARNING * * *
You feel sick. The scorpion barely misses you.
Drink which item? (? for menu, Esc to quit)
It was a potion of brilliance.
You feel clever all of a sudden.
* * * LOW HITPOINT WARNING * * *
You feel sick. The scorpion barely misses you.
Drink which item? (? for menu, Esc to quit)
It was a potion of restore abilities.
You feel refreshed.
* * * LOW HITPOINT WARNING * * *
You feel sick. The scorpion closely misses you.
Gw's ghost (average Deep Dwarf Necromancer) comes into view.
Drink which item? (? for menu, Esc to quit)
It was a potion of invisibility.
You fade into invisibility!
You die...

.....♣♣..PP♣P...♣.♣..P..
<...PP♣P..♣♣......♣.♣..
........♣.♣..♣..♣.†.#...#
#.##.##..[P..♣..........
###.....♣.♣♣.P.♣P..#..._..
#.>.......♣♣♣♣..♣.........
#....#....P♣♣..P.P§.§#...#
....#......P♣.P.♣♣PP..P.P
.........@PP.♣♣.P♣§♣.♣♣PP♣
.......s....♣♣♣P§♣♣.....P
..............♣.P♣.......
#...##...................
... #......###.##...###. .
....>.....†.......#.
.....#..###.##.......
##W..#...... #..##.#. ...
....###..##.#.


You could see a scorpion and gw's ghost (wandering).

Vanquished Creatures
  An orc wizard (D:4)
  A giant frog skeleton (D:4)
  2 iguanas (D:4)
  A hound (D:4)
  2 river rats (D:4)
  6 gnolls
  3 adders
  3 giant mites
  A shadow imp (D:4)
  6 worms
  2 oozes (D:3)
  8 orcs
  7 bats
  A bat skeleton (D:4)
  7 giant cockroaches
  9 goblins
  3 hobgoblins
  A quokka (D:2)
  3 giant newts
  3 jackals (D:2)
  11 kobolds
  7 rats
88 creatures vanquished.

Notes
Turn   | Place    | Note
--------------------------------------------------------------
     0 | D:1      | Palladion, the Tengu Air Elementalist, began the quest for the Orb.
     0 | D:1      | Reached XP level 1. HP: 10/10 MP: 3/3
   282 | D:1      | Reached XP level 2. HP: 10/15 MP: 0/6
   960 | D:2      | Found a basalt altar of Yredelemnul.
  1179 | D:2      | Reached XP level 3. HP: 11/19 MP: 0/7
  1429 | D:2      | Found an iron altar of Okawaru.
  1697 | D:2      | Reached XP level 4. HP: 24/24 MP: 6/10
  1708 | D:2      | Noticed Terence
  2128 | D:3      | Reached skill level 5 in Air Magic
  2365 | D:3      | Reached XP level 5. HP: 25/28 MP: 1/13
  2507 | D:3      | Learned a level 3 spell: Static Discharge
  2513 | D:3      | Learned a level 5 spell: Lightning Bolt
  3303 | D:4      | Reached XP level 6. HP: 8/32 MP: 7/17
  3558 | D:4      | Learned a level 2 spell: Swiftness
  3561 | D:4      | Learned a level 2 spell: Repel Missiles
  3579 | D:4      | Reached skill level 6 in Air Magic
  3915 | D:4      | Found a staircase to the Ecumenical Temple.
  3926 | Temple   | Entered the Ecumenical Temple
  4134 | Temple   | Became a worshipper of Vehumet
  4238 | D:4      | Found a sacrificial altar of Ru.
  4315 | D:4      | HP: 1/32 [poisoned by a scorpion]
  4316 | D:4      | Noticed gw's ghost (average DDNe)
  4316 | D:4      | Succumbed to a scorpion's poison

Action                   |  1- 3 |  4- 6 || total
-------------------------+-------+-------++-------
Melee: Unarmed           |    32 |     1 ||    33
       Flail             |       |    51 ||    51
 Cast: Shock             |    73 |   119 ||   192
       Static Discharge  |       |    10 ||    10
       Repel Missiles    |       |     1 ||     1
  Use: Potion            |       |     5 ||     5
 Stab: Sleeping          |       |     2 ||     2
  Eat: Chunk             |     3 |     7 ||    10
